 Dungeon Crawl Stone Soup version 0.29-a0-330-g52719c12eb (webtiles) character file.

Game seed: 18418476130527446548

1848099 Aelig the Conqueror (level 27, 228/228 HPs)
             Began as a Djinni Fire Elementalist on May 18, 2022.
             Was the Champion of Jiyva.
             Escaped with the Orb
             ... and 3 runes on May 19, 2022!
             The game lasted 05:35:17 (54595 turns).

Aelig the Conqueror (Djinni Fire Elementalist)     Turns: 54595, Time: 05:35:18

Health: 228/228    AC: 16    Str: 14    XL:     27
Gold:   3762       EV: 20    Int: 36    God:    Jiyva [******] SH:  6 Dex: 13

rFire   + + +      SeeInvis +   a - +7 hand axe "Xiyden" {pain, rElec Will+ MP+9 Int+4}
rCold   + + +      Faith    .   Q - +0 buckler of Ucyff {rPois rC+++ Int-4 Stlth-}
rNeg    . . .      Spirit   .   w - +4 troll leather armour
rPois   ∞          Reflect  .   (helmet restricted)
rElec   +          Harm     .   U - scarf {rC+ rF+}
rCorr   +          Rampage  .   Y - +2 pair of gloves of the Elven Halls {Str+5 Int+2}
Will    +++..      Archmagi +   (boots unavailable)
Stlth   .......... Rage     1%  b - amulet of regeneration
HPRegen 3.68/turn               W - ring of see invisible
MPRegen 0.00/turn               e - ring of the Mage {Wiz Archmagi}

@: flying
A: sickness immunity, fire resistance 2, cold vulnerability 1, float, innate
caster, HP casting, extra vitality 1, horns 1, iridescent scales 2, berserk 1,
clever 1, electricity resistance, strong 1
0: Orb of Zot
}: 3/15 runes: decaying, serpentine, slimy
a: Renounce Religion, Oozemancy, Slimify


You escaped.
You worshipped Jiyva.
Jiyva was exalted by your worship.
You visited 11 branches of the dungeon, and saw 53 of its levels.
You visited 1 bazaar.
You also visited: Sewer, Ossuary, Bailey, Gauntlet, Ice Cave and Volcano.

You collected 6936 gold pieces.
You spent 3174 gold pieces at shops.

Inventory:

Hand Weapons
 a - the +7 hand axe "Xiyden" (weapon) {pain, rElec Will+ MP+9 Int+4}
   (You found it on level 14 of the Dungeon)

   In the hands of one skilled in necromantic magic, it inflicts extra damage on
   living creatures.
   Your inability to study Necromancy prevents you from drawing on the full
   power of this weapon.
   Int:       It affects your intelligence (+4).
   rElec:     It insulates you from electricity.
   MP:        It affects your magic capacity (+9).
   Will:      It increases your willpower.
Missiles
 d - a throwing net (quivered)
Armour
 h - a +0 tower shield of poison resistance
 w - a +4 troll leather armour (worn)
 Q - the +0 buckler of Ucyff (worn) {rPois rC+++ Int-4 Stlth-}
   (You acquired it on level 3 of the Dungeon)

   Int:       It affects your intelligence (-4).
   rC:        It renders you almost immune to cold.
   rPois:     It protects you from poison.
   Stlth:     It makes you less stealthy.
 U - a scarf of resistance (worn)
 V - a +2 helmet of intelligence
 Y - the +2 pair of gloves of the Elven Halls (worn) {Str+5 Int+2}
   (You acquired it on level 2 of the Realm of Zot)

   Str:       It affects your strength (+5).
   Int:       It affects your intelligence (+2).
Magical Staves
 S - a staff of conjuration
Jewellery
 b - an amulet of regeneration (around neck)
 e - the ring of the Mage (right hand) {Wiz Archmagi}
   (You bought it in a shop on level 1 of the Snake Pit)

   [ring of wizardry]

   It improves your spell success rate.
   Archmagi:  It increases the power of your magical spells.
 r - a ring of willpower
 v - the ring of the Empty Page {rElec rF+ rC++ Int+4 Stlth-}
   (You found it on level 5 of the Pits of Slime)

   [ring of protection from fire]

   Int:       It affects your intelligence (+4).
   rF:        It protects you from fire.
   rC:        It greatly protects you from cold.
   rElec:     It insulates you from electricity.
   Stlth:     It makes you less stealthy.
 y - a ring of positive energy
 W - a ring of see invisible (left hand)
Wands
 u - a wand of charming (13)
 G - a wand of acid (31)
 H - a wand of iceblast (49)
 I - a wand of digging (17)
 J - a wand of paralysis (18)
 K - a wand of polymorph (11)
 L - a wand of mindburst (5)
 O - a wand of flame (59)
Scrolls
 c - 28 scrolls of teleportation
 k - 6 scrolls of magic mapping
 l - 3 scrolls of blinking
 o - 3 scrolls of immolation
 s - 6 scrolls of fear
 t - 9 scrolls of vulnerability
 A - 2 scrolls of holy word
 C - 6 scrolls of enchant weapon
 D - 5 scrolls of fog
 M - a scroll of brand weapon
 N - 2 scrolls of summoning
 R - 4 scrolls of enchant armour
 T - 5 scrolls of torment
 X - 3 scrolls of silence
Potions
 f - 12 potions of might
 g - 2 potions of mutation
 i - 8 potions of resistance
 j - 5 potions of berserk rage
 m - 13 potions of lignification
 n - 6 potions of ambrosia
 p - 13 potions of heal wounds
 q - 7 potions of brilliance
 x - 6 potions of cancellation
 z - 22 potions of curing
 B - 5 potions of invisibility
 E - 2 potions of haste
 F - 7 potions of attraction


   Skills:
 O Level 27 Fighting
 - Level 8.1(9.4) Axes
 - Level 7.1(8.9) Maces & Flails
 - Level 6.0 Armour
 - Level 20.0 Dodging
 - Level 1.5 Stealth
 - Level 10.0 Shields
 + Level 21.7 Spellcasting
 - Level 10.2 Invocations


You couldn't memorise any spells.
You knew the following spells:

 Your Spells              Type           Power      Damage    Failure   Level
a - Foxfire               Conj/Fire      100%       2x1d9     0%          1
b - Scorch                Fire           100%       2d10      0%          2
c - Conjure Flame         Conj/Fire      100%       6-21      0%          3
d - Inner Flame           Hex/Fire       100%       N/A       0%          3
e - Flame Wave            Conj/Fire      100%       2d17      0%          4
f - Sting                 Tmut/Pois      100%       1d8       0%          1
g - Wereblood             Tmut           100%       N/A       0%          2
h - Static Discharge      Conj/Air       100%       N/A       0%          2
i - Summon Lightning Spi  Summ/Air       100%       N/A       0%          4
j - Lightning Bolt        Conj/Air       69%        1d93      0%          5
k - Summon Mana Viper     Hex/Summ       100%       N/A       0%          5
l - Dispersal             Tloc           69%        N/A       0%          6
m - Starburst             Conj/Fire      69%        6d18      0%          6
n - Dragon Form           Tmut           69%        N/A       1%          7
o - Summon Hydra          Summ           69%        N/A       1%          7
p - Summon Horrible Thin  Summ           69%        N/A       1%          8
q - Infestation           Necr           69%        N/A       1%          8
r - Shatter               Erth           69%        3d51*     6%          9
Your spell library was empty.

Dungeon Overview and Level Annotations

Branches:
Dungeon (15/15)            Temple (1/1) D:6            Lair (6/6) D:10
  Swamp (4/4) Lair:4        Snake (4/4) Lair:2        Slime (5/5) Lair:5
    Orc (2/2) D:11            Elf (3/3) Orc:2        Vaults (4/5) D:13
  Crypt (0/3) Vaults:3     Depths (4/4) D:15            Zot (5/5) Depths:4
  Sewer (visited)         Ossuary (visited)          Bailey (visited)
  IceCv (visited)         Volcano (visited)         Gauntlet (visited)

Altars:
Ashenzari
Cheibriados
Dithmenos
Elyvilon
Fedhas
Gozag
Hepliaklqana
Kikubaaqudgha
Makhleb
Nemelex Xobeh
Okawaru
Qazlal
Ru
Sif Muna
Trog
Uskayaw
Vehumet
Wu Jian
Xom
Yredelemnul
Zin
The Shining One
Beogh
Jiyva

Shops:
D:12 :   Orc:2 [?=*   Elf:1 (   Elf:3 [   Snake:1 :=:   Vaults:1 [   Vaults:2 ?

Portals:
Hell: Depths:1 Depths:2 Depths:3 Depths:4
Abyss: Depths:3
Pandemonium: Depths:2
Ziggurat: Depths:3
Trove: D:12 (give horn of Geryon)

Annotations:
Swamp:2 3 runed translucent doors, Liloh's ghost, adept HuMo
Snake:1 1 runed translucent door
Slime:5 Royal Jelly
Elf:2 2 runed translucent doors, Siwul's ghost, veteran DjCj
Vaults:3 3 runed translucent doors, Aram's ghost, adept MyMo; Ciotsan's ghost, adept FeIE; Onuingi's ghost, adept DrWn; Plog's ghost, adept MyMo; Wakhat's ghost, adept MiFi
Zot:1 3 runed translucent doors, Gozarek's ghost, veteran OpFi


Innate Abilities, Weirdness & Mutations

You are immune to sickness and miasma.
You are immune to poison.
Your flesh is very heat resistant. (rF++)
You are vulnerable to cold. (rC-)
You float through the air rather than walking.
You learn spells naturally, not from books.
Your magical power is your life essence.
You have superior vitality. (+4 MHP)
You have a pair of small horns on your head.
You are mostly covered in iridescent scales. (AC +4)
You tend to lose your temper in combat.
Your mind is acute. (Int +2)
You are resistant to electric shocks. (rElec)
Your muscles are strong. (Str +2)


Message History

Press: ? - help, Dir - look around, f - activate You feel a surge of power!
The bolt of fire hits the demonic crawler!!
The demonic crawler resists.
The demonic crawler is severely wounded.
The bolt of fire hits the Orb Guardian!!!
The Orb Guardian is heavily wounded.
You block the demonic crawler's attack. The demonic crawler hits you.
The demonic crawler hits you but does no damage.
Casting: Starburst (safe; 0% risk of failure)
Confirm with . or Enter, or press ? or * to list all spells.
Casting: Starburst (safe; 0% risk of failure)
Press: ? - help, Dir - look around, f - activate You feel a surge of power!
The bolt of fire hits the Orb Guardian!!!
You kill the Orb Guardian!
The bolt of fire hits the demonic crawler!
The demonic crawler resists.
The demonic crawler is almost dead.
You feel your intelligence returning.
Casting: Starburst (safe; 0% risk of failure)
Confirm with . or Enter, or press ? or * to list all spells.
Casting: Starburst (safe; 0% risk of failure)
Press: ? - help, Dir - look around, f - activate You feel a surge of power!
The bolt of fire hits the demonic crawler!!
The demonic crawler resists.
You kill the demonic crawler!
(D) Dungeon (T) Temple (L) Lair (S) Swamp (P) Snake Pit (M) Slime Pits (O) Orcish Mines (E) Elven Halls (V) Vaults (C) Crypt (U) Depths (H) Hell (Z) Zot
Where to? (Enter - D:1, ? - help)
What level of the Dungeon? (default 1, ? - help)
There is a stone staircase leading up here.
You fly upwards.
There is a stone staircase leading down here.
A neqoxec comes into view.
There is a staircase leading out of the dungeon here.
You have escaped!

#.# #.# ##...## #.##. #.#
#.# ##### #.##. #.####.#
#######.##. #......##
#.......##. #.####..#
##########.########.
........######........#.#
#.
#...>...)....##≈≈≈#+....#
#.
...#..#......#.....#.##.#
##
#..#..#......≈..@..≈.##.##
#
#..##.#......3..⌠..≈.#...#
#
...##.#......#.....#.#...#
...#..###≈≈≈###≈≈≈####...#
#...#..#.....#......###.##
#..##..≈..⌠..§......# #.#
#..##..≈§.§..≈......# #.#
###
.......#.§§§.#......###.#
#..
#####..+#≈≈≈##........#.#
####.#


You could see a neqoxec.

Vanquished Creatures
  Mara (Swamp:3)
  A juggernaut (Depths:1)
  2 curse toes
  5 Killer Klowns
  A caustic shrike (Depths:1)
  3 golden dragons
  A bone dragon (Depths:4)
  2 tentacled monstrosities
  2 electric golems (Zot:5)
  A titan (Depths:1)
  3 liches
  A walking earthen tome (Depths:2)
  24 Orb Guardians
  2 deep elf blademasters (Elf:3)
  4 quicksilver dragons
  2 deep elf master archers
  6 death cobs
  4 sphinxes
  2 nagarajas (Snake:2)
  6 shadow dragons
  2 tengu reavers (Depths:3)
  A draconian monk (Zot:2)
  9 storm dragons
  10 frost giants
  5 fire giants
  The ghost of Heuxzeam the Fighter, a journeyman MiGl of the Shining One (Orc:1)
  A balrug (Depths:4)
  An iron dragon (Depths:3)
  3 draconian knights
  3 orc warlords
  2 draconian scorchers
  3 deep elf sorcerers (Elf:3)
  Louise (Swamp:4)
  4 draconian shifters
  Aizul (Swamp:4)
  9 vault wardens
  5 ghost moths
  3 deep elf elementalists
  12 ironbound preservers
  2 war gargoyles (Vaults:4)
  15 very ugly things
  A draconian stormcaller (Depths:4)
  3 draconian annihilators
  A reaper (Depths:4)
  9 ironbound thunderhulks
  5 vampire knights
  7 stone giants
  3 eleionomae
  Nessos (D:12)
  6 green draconians
  10 dire elephants
  7 yellow draconians
  4 deep elf annihilators
  7 red draconians
  3 purple draconians
  8 black draconians
  2 lorocyprocas (Depths:3)
  5 spark wasps
  6 white draconians
  4 bunyips
  4 deep elf demonologists
  Josephine (D:14)
  A deep elf death mage (Elf:3)
  5 fire dragons
  4 yaktaur captains
  5 ettins
  A merfolk impaler (D:13)
  2 deep elf high priests
  A shambling mangrove (Swamp:4)
  2 hell beasts
  7 naga warriors
  Erolcha (Orc:2)
  2 boulder beetles
  4 peacekeepers
  A rakshasa (Depths:2)
  An ogre mage (Vaults:4)
  4 ice dragons
  9 ironbound frosthearts
  2 spriggan air magi
  3 salamander tyrants
  11 vault guards
  2 death knights (D:15)
  A spriggan skeleton (Depths:2)
  A catoblepas (D:13)
  17 anacondas
  11 centaur warriors
  13 hydras
  A juggernaut simulacrum (Depths:3)
  The ghost of Pukecob the Thaumaturge, a journeyman DECj of Vehumet (Lair:3)
  10 alligators
  9 two-headed ogres
  6 dancing weapons
  2 tengu warriors
  2 deep troll shamans (Depths:2)
  3 death yaks (Lair:6)
  4 deep troll earth magi
  A vampire mage (Depths:4)
  7 shock serpents
  An orc high priest (Elf:1)
  A spriggan berserker (Depths:4)
  10 naga sharpshooters
  2 fire crabs (Swamp:4)
  11 deep elf knights
  Urug (D:13)
  A soul eater (Depths:4)
  A titan skeleton (Vaults:3)
  6 skeletal warriors
  7 iron trolls
  4 sea snakes (Snake:1)
  A salamander mystic (Snake:4)
  2 goliath frogs
  A death drake (Swamp:4)
  13 swamp dragons
  A quicksilver dragon simulacrum (Depths:4)
  45 deep trolls
  3 spriggan druids
  6 bog bodies
  4 flayed ghosts
  6 naga ritualists
  5 wizards
  13 deep elf archers
  4 necromancers
  7 lindwurms
  22 deep elf pyromancers
  2 wolf spiders (Lair:6)
  10 mana vipers
  20 deep elf zephyrmancers
  11 ironbound convokers
  3 phantasmal warriors
  2 orc knights
  An orc sorcerer (Orc:1)
  5 cyclopes
  3 manticores
  13 moths of wrath
  3 will-o-the-wisps (Swamp:4)
  35 ugly things
  A sphinx skeleton (Depths:2)
  A fire giant zombie (Vaults:3)
  13 salamanders
  50 black mambas
  7 guardian serpents
  8 elephants
  11 vault sentinels
  11 naga magi
  An ice statue (IceCv)
  A centaur skeleton (D:15)
  A kobold demonologist (D:8)
  10 cane toads
  A demonic crawler (D:2)
  An unseen horror (D:13)
  5 komodo dragons
  2 freezing wraiths (D:15)
  A rime drake (Lair:3)
  A hellwing (Zot:3)
  22 yaktaurs
  A harpy zombie (D:15)
  2 tengu conjurers
  A golden dragon simulacrum (Depths:2)
  A bloated husk (Swamp:3)
  A queen bee (Lair:6)
  4 meliai
  6 trolls
  2 tyrant leeches
  8 hornets
  10 polar bears
  Prince Ribbit (D:7)
  2 raiju (Lair:6)
  A spriggan (shapeshifter) (Elf:3)
  An air elemental (Elf:2)
  A centaur simulacrum (D:15)
  6 wraiths
  2 vampires (D:12)
  5 water elementals
  11 wyverns
  16 humans
  32 yaks
  Grum (D:9)
  5 fire elementals
  2 basilisks
  5 steam dragons
  A redback (Vaults:2)
  3 neqoxecs (Orc:1)
  6 vampire mosquitoes
  25 nagas
  8 wargs
  14 swamp worms
  An acid dragon (D:10)
  The ghost of initializr the Sneak, an amateur OpEE (D:3)
  9 hell hounds (Lair:6)
  13 water moccasins
  7 swamp drakes (Swamp:4)
  An ice beast (D:4)
  A sky beast (D:6)
  16 orc warriors
  10 black bears
  12 ogres
  24 wolves
  7 centaurs
  2 phantoms
  7 kobold brigands
  11 bullfrogs
  2 gnoll sergeants (D:11)
  2 necrophages
  2 scorpions
  5 wights (D:7)
  17 killer bees
  3 howler monkeys
  13 electric eels
  A crimson imp (D:4)
  A centaur zombie (Ossuary)
  2 quasits (Orc:1)
  9 jellies
  A human zombie (Ossuary)
  9 orc priests
  2 hounds
  14 orc wizards
  An iguana (D:6)
  3 mummies (Ossuary)
  4 gnolls
  10 adders
  A shadow imp (D:3)
  An ufetubus (D:5)
  A worm (D:3)
  2 dart slugs
  72 orcs
  7 ball pythons
  18 endoplasms
  12 giant cockroaches
  11 goblins
  14 hobgoblins
  7 jackals
  20 kobolds
  11 quokkas
  5 bats
  17 frilled lizards
  A gnoll zombie (Ossuary)
  3 goblin zombies (Ossuary)
  A hobgoblin zombie (Ossuary)
  A jackal zombie (D:9)
  2 kobold zombies
  3 rats
1471 creatures vanquished.

Vanquished Creatures (collateral kills)
  A dread lich (Depths:4)
  A juggernaut (Depths:4)
  2 Killer Klowns (Zot:5)
  Jory (Vaults:4)
  Nikola (Elf:1)
  A golden dragon (Depths:2)
  Rupert (D:13)
  An electric golem (Zot:1)
  3 Orb Guardians
  17 tentacled monstrosities
  2 quicksilver dragons
  A deep elf master archer (Elf:3)
  An ancient champion (Vaults:3)
  2 titans (Depths:3)
  2 death cobs
  3 sphinxes
  4 shadow dragons
  A draconian monk (Zot:1)
  A thorn hunter (Swamp:4)
  A tengu reaver (Depths:4)
  A nagaraja (Snake:4)
  A fire giant (Depths:4)
  A fenstrider witch (Swamp:4)
  2 storm dragons
  2 iron dragons
  5 vault wardens
  A draconian knight (Zot:1)
  A deep elf elementalist (Elf:3)
  3 frost giants (Depths:3)
  3 ironbound preservers
  4 war gargoyles
  10 very ugly things
  The ghost of Zgarb the Eclecticist, a journeyman DjEE of Cheibriados (Lair:6)
  2 stone giants
  A vampire knight (Depths:4)
  A black draconian (Zot:4)
  A green draconian (Zot:1)
  A purple draconian (Zot:1)
  A deep elf demonologist (Elf:3)
  2 dire elephants (Vaults:4)
  A lorocyproca (Depths:3)
  An entropy weaver (Vaults:2)
  A deep elf annihilator (Elf:3)
  2 bunyips
  2 spark wasps (Depths:3)
  A white draconian (Zot:5)
  2 red draconians
  4 crystal guardians
  An ettin (Depths:3)
  2 deep elf death magi (Elf:3)
  4 fire dragons
  A deep elf high priest (Elf:3)
  2 ice dragons
  A rakshasa (Depths:3)
  A salamander tyrant (Snake:4)
  3 yaktaur captains
  6 naga warriors
  Fannar (D:12)
  2 hydras
  3 boulder beetles
  3 vault guards
  A peacekeeper (Vaults:4)
  A spriggan air mage (Depths:3)
  2 centaur warriors
  3 ironbound frosthearts
  A death knight (Depths:4)
  A merfolk avatar (D:13)
  2 two-headed ogres
  An alligator snapping turtle (shapeshifter) (Depths:3)
  2 tengu warriors
  An anaconda (Snake:4)
  A death yak (Lair:6)
  3 deep troll earth magi
  The ghost of Aelig the Martial Artist, a novice DjTm of Elyvilon (D:7)
  9 dancing weapons
  2 shock serpents (Snake:4)
  2 hell knights
  A sun demon (Volcano)
  2 storm dragon zombies (Depths:2)
  An iron troll (Depths:1)
  A titan skeleton (Depths:4)
  A spriggan (Swamp:3)
  A fire crab (Swamp:4)
  A goliath frog (Swamp:3)
  A salamander mystic (Snake:2)
  7 skeletal warriors
  2 orc knights (Orc:2)
  2 naga ritualists (Snake:1)
  A bog body (Swamp:1)
  A flayed ghost (Depths:2)
  12 deep trolls
  3 deep elf archers
  5 ironbound convokers
  A phantasmal warrior (Depths:1)
  A wizard (D:15)
  4 necromancers
  3 deep elf pyromancers
  A fire giant zombie (Vaults:3)
  3 lindwurms
  5 deep elf zephyrmancers
  A tengu skeleton (Depths:4)
  A wolf spider (Lair:6)
  9 ugly things
  4 mana vipers (Snake:4)
  An orc sorcerer (D:15)
  A frost giant zombie (Vaults:3)
  A manticore (D:14)
  A cyclops (D:14)
  6 salamanders
  8 elephants (Lair:5)
  2 guardian serpents
  2 moths of wrath
  A vault sentinel (Vaults:4)
  A sphinx skeleton (Depths:4)
  2 naga magi
  A centaur skeleton (D:15)
  12 black mambas
  A gargoyle (D:11)
  A demonic crawler (D:12)
  3 cane toads
  A tengu conjurer (D:15)
  9 yaktaurs
  3 ice devils
  A komodo dragon (Lair:5)
  2 trolls
  6 polar bears
  A tyrant leech (Swamp:4)
  3 hornets
  Grinder (D:6)
  A tarantella (shapeshifter) (D:13)
  An air elemental (Elf:3)
  14 yaks
  6 wyverns
  A shadow (D:13)
  2 redbacks (Lair:6)
  A vampire mosquito (Swamp:2)
  A harpy simulacrum (D:15)
  3 swamp worms
  4 wargs
  5 water moccasins
  3 acid dragons
  8 nagas
  6 hell hounds (Lair:6)
  A swamp drake (Swamp:4)
  28 orc warriors
  5 black bears
  2 ogres
  8 centaurs
  16 wolves
  A kobold brigand (D:8)
  3 earth elementals
  2 scorpions (D:7)
  3 wights (D:7)
  3 killer bees
  A howler monkey (D:6)
  A lava snake (Swamp:4)
  2 jellies
  6 orc priests
  14 orc wizards
  4 gnolls (Bailey)
  34 orcs
  6 goblins (Bailey)
  6 hobgoblins (Bailey)
  5 kobolds
  12 foxfires
533 creatures vanquished.

Vanquished Creatures (others)
  A titan (shapeshifter) (Depths:3)
  An acid blob (shapeshifter) (Depths:3)
  A tengu reaver (Depths:3)
  An azure jelly (shapeshifter) (Depths:3)
  A ghost moth (Depths:3)
  An ironbound preserver (Vaults:1)
  An ettin (Depths:3)
  A yaktaur captain (Vaults:4)
  7 great orbs of eyes
  A deep elf knight (Elf:1)
  An iron troll (shapeshifter) (Depths:3)
  A goliath frog (shapeshifter) (Depths:3)
  A deep elf pyromancer (Elf:3)
  An ugly thing (Depths:4)
  2 vault sentinels (Vaults:3)
  2 yaktaurs (Vaults:4)
  A komodo dragon (shapeshifter) (Depths:4)
  A yaktaur skeleton (Vaults:3)
  22 slime creatures
  2 slime creatures (shapeshifter)
  A shadow (D:15)
  A steam dragon (Swamp:4)
  A human (D:13)
  A water moccasin (Lair:6)
  2 swamp drakes (Swamp:4)
  5 centaurs
  2 kobold brigands (D:11)
  231 jellies
  An orc wizard (Orc:1)
  10 orcs
  3 kobolds (D:11)
  10 bushes
  1621 foxfires
  49 fungi
  182 plants
2170 creatures vanquished.

Grand Total: 4174 creatures vanquished

Notes
Turn   | Place    | Note
-------+----------+-------------------------------------------
     0 | D:1      | Aelig the Djinni Fire Elementalist began the quest for the
                  | Orb.
     0 | D:1      | Reached XP level 1. HP: 15/15 MP: 0/0
   317 | D:1      | Reached XP level 2. HP: 13/21 MP: 0/0
  1029 | D:1      | Found a faded altar of an unknown god.
  1140 | D:2      | Reached XP level 3. HP: 24/25 MP: 0/0
  1140 | D:2      | Learned a level 1 spell: Sting
  1663 | D:2      | Reached skill level 1 in Fighting
  1665 | D:2      | Reached XP level 4. HP: 28/32 MP: 0/0
  1905 | D:3      | Identified the +7 rapier "Zauthratt" {vorpal, Int+3}
  1990 | D:3      | Reached XP level 5. HP: 23/38 MP: 0/0
  1990 | D:3      | Learned a level 2 spell: Wereblood
  2005 | D:3      | Reached skill level 2 in Fighting
  2393 | D:3      | Found a runed translucent gate.
  2393 | D:3      | Found a runed translucent gate.
  2393 | D:3      | Found a runed translucent gate.
  2394 | D:3      | Noticed initializr's ghost (amateur OpEE)
  2458 | D:3      | Reached XP level 6. HP: 37/45 MP: 0/0
  2975 | D:4      | Noticed an ice beast
  2981 | D:4      | Killed an ice beast
  2982 | D:4      | Reached skill level 3 in Fighting
  2996 | D:4      | Found a sand-covered staircase.
  3015 | Ossuary  | Entered an ossuary
  3090 | Ossuary  | Reached XP level 7. HP: 47/50 MP: 0/0
  3090 | Ossuary  | Learned a level 2 spell: Static Discharge
  3108 | Ossuary  | Reached skill level 5 in Spellcasting
  3469 | D:4      | Found a broken altar of Ashenzari.
  3471 | D:4      | Found a sacrificial altar of Ru.
  3474 | D:4      | Found a hide-covered altar of Uskayaw.
  3772 | D:4      | Found a burning altar of Makhleb.
  3772 | D:4      | Found a shimmering altar of Xom.
  3932 | D:4      | Reached skill level 4 in Fighting
  4436 | D:5      | Entered Level 5 of the Dungeon
  4495 | D:5      | Found a glowing drain.
  4507 | Sewer    | Entered a sewer
  4618 | Sewer    | Reached XP level 8. HP: 54/58 MP: 0/0
  5395 | D:5      | Reached skill level 5 in Fighting
  6057 | D:6      | Found a sparkling altar of Nemelex Xobeh.
  6076 | D:6      | Found a staircase to the Ecumenical Temple.
  6085 | Temple   | Entered the Ecumenical Temple
  6208 | Temple   | Became a worshipper of Elyvilon the Healer
  6699 | D:6      | Reached XP level 9. HP: 60/66 MP: 0/0
  6699 | D:6      | Learned a level 4 spell: Summon Lightning Spire
  6730 | D:6      | Noticed a troll
  6731 | D:6      | Found a large runed translucent door.
  6732 | D:6      | Found a large runed translucent door.
  6733 | D:6      | Found a large runed translucent door.
  6733 | D:6      | Found a large runed translucent door.
  6751 | D:6      | Noticed Grinder
  6754 | D:6      | Killed Grinder
  6755 | D:6      | Reached skill level 6 in Fighting
  6755 | D:6      | Reached skill level 1 in Invocations
  6904 | D:6      | Reached skill level 7 in Fighting
  7816 | D:7      | Found a large runed translucent door.
  7816 | D:7      | Found a large runed translucent door.
  7817 | D:7      | Noticed Aelig's ghost (novice DjTm)
  7834 | D:7      | Reached skill level 8 in Fighting
  7937 | D:7      | Noticed Prince Ribbit
  7946 | D:7      | Killed Prince Ribbit
  7952 | D:7      | Reached XP level 10. HP: 60/77 MP: 0/0
  8052 | D:7      | Reached * piety under Elyvilon
  8305 | D:7      | Reached skill level 9 in Fighting
  8358 | D:7      | Reached skill level 5 in Invocations
  8476 | D:7      | Found a stormy altar of Qazlal.
  9021 | D:8      | Reached skill level 10 in Fighting
  9088 | D:8      | Reached ** piety under Elyvilon
  9137 | D:8      | Noticed a kobold demonologist
  9212 | D:8      | Killed a kobold demonologist
  9779 | D:8      | Found an opulent altar of Gozag.
  9779 | D:8      | Found a glowing silver altar of Zin.
 10205 | D:9      | Reached skill level 11 in Fighting
 10344 | D:9      | Noticed Grum
 10351 | D:9      | Killed Grum
 10352 | D:9      | Reached XP level 11. HP: 43/87 MP: 0/0
 10352 | D:9      | Learned a level 5 spell: Lightning Bolt
 10663 | D:3      | Killed initializr's ghost
 10732 | D:3      | Identified 3 scrolls of acquirement
 10733 | D:3      | Acquired the +1 pair of gloves of Catatonia {rPois Int+3}
 10740 | D:3      | Acquired the +0 buckler of Ucyff {rPois rC+++ Int-4 Stlth-}
 10746 | D:3      | Acquired a manual of Spellcasting
 10848 | D:6      | Reached skill level 1 in Shields
 10918 | D:6      | Identified the +3 spear of Ufapt {flame, rC+ Will- Int+4}
 11059 | D:9      | Noticed a tengu warrior
 11073 | D:9      | Killed a tengu warrior
 11169 | D:9      | Found a runed translucent door.
 11175 | D:9      | Found a basalt altar of Yredelemnul.
 11177 | D:9      | Reached *** piety under Elyvilon
 11865 | D:10     | Entered Level 10 of the Dungeon
 11898 | D:10     | Reached skill level 5 in Shields
 11922 | D:10     | Found a bloodstained altar of Trog.
 11960 | D:10     | Found a blossoming altar of Fedhas.
 11979 | D:10     | Found a flagged portal.
 11990 | Bailey   | Entered a bailey
 12067 | Bailey   | Noticed an orc knight
 12073 | Bailey   | Killed an orc knight
 12178 | Bailey   | Noticed an orc warlord
 12188 | Bailey   | Killed an orc warlord
 12189 | Bailey   | Reached skill level 10 in Spellcasting
 12407 | Bailey   | Identified the +6 morningstar of the Lair of Beasts
                  | {vorpal, Drain rPois Str+3 Int+5}
 12545 | D:10     | Found a staircase to the Lair.
 12556 | D:10     | Reached XP level 12. HP: 89/94 MP: 0/0
 12586 | D:10     | Reached **** piety under Elyvilon
 12635 | Lair:1   | Entered Level 1 of the Lair of Beasts
 12678 | Lair:1   | Found a frozen archway.
 12689 | IceCv    | Entered an ice cave
 12845 | IceCv    | Reached skill level 12 in Fighting
 12879 | IceCv    | Identified the +10 ring mail "Jydgh" {rF+}
 13067 | IceCv    | Identified the +6 rapier "Koenadays" {flame, Will- rCorr
                  | Dex+4 SInv}
 13153 | IceCv    | Noticed a death yak
 13153 | IceCv    | Noticed an ironbound frostheart
 13153 | IceCv    | Noticed an ironbound frostheart
 13285 | Lair:1   | Noticed a six-headed hydra
 13291 | Lair:1   | Reached skill level 13 in Fighting
 13339 | Lair:1   | Killed a six-headed hydra
 14049 | Lair:2   | Noticed a five-headed hydra
 14056 | Lair:2   | Killed a five-headed hydra
 14123 | Lair:2   | Reached XP level 13. HP: 103/104 MP: 0/0
 14123 | Lair:2   | Learned a level 5 spell: Summon Mana Viper
 14126 | Lair:2   | Reached skill level 14 in Fighting
 14248 | Lair:2   | Found a staircase to the Snake Pit.
 14308 | Lair:2   | Reached skill level 15 in Fighting
 14454 | Lair:2   | Found a transporter.
 14613 | Lair:2   | Reached ***** piety under Elyvilon
 14672 | Lair:2   | Found a transporter.
 15458 | Lair:3   | Found a runed translucent door.
 15461 | Lair:3   | Noticed Pukecob's ghost (journeyman DECj)
 16283 | Lair:4   | Reached skill level 16 in Fighting
 16409 | Lair:4   | Noticed a five-headed hydra
 16419 | Lair:4   | Killed a five-headed hydra
 16594 | Lair:4   | Reached ****** piety under Elyvilon
 16852 | Lair:4   | Found a staircase to the Swamp.
 17041 | Lair:5   | Reached skill level 17 in Fighting
 17050 | Lair:5   | Reached XP level 14. HP: 87/119 MP: 0/0
 17299 | Lair:5   | Found a viscous altar of Jiyva.
 17299 | Lair:5   | Found a staircase to the Slime Pits.
 17303 | Lair:5   | Fell from the grace of Elyvilon
 17303 | Lair:5   | Became a worshipper of Jiyva Jourhona the Shapeless
 18019 | D:10     | Reached * piety under Jiyva
 18502 | D:11     | Found a gate leading to a gauntlet.
 18515 | Gauntlet | Entered a Gauntlet
 18515 | Gauntlet | Found a transporter.
 18599 | D:11     | Reached ** piety under Jiyva
 18783 | D:11     | Reached skill level 18 in Fighting
 19138 | D:11     | Found a staircase to the Orcish Mines.
 19634 | Orc:1    | Entered Level 1 of the Orcish Mines
 19739 | Orc:1    | Reached *** piety under Jiyva
 19745 | Orc:1    | Noticed an orc warlord
 19760 | Orc:1    | Killed an orc warlord
 19844 | Orc:1    | Gained mutation: Your rubbery body absorbs attacks. (AC +1,
                  | EV +1) [Jiyva's grace]
 19844 | Orc:1    | Gained mutation: Your pliable body absorbs attacks. (AC +2,
                  | EV +2) [Jiyva's grace]
 19844 | Orc:1    | Gained mutation: Your gelatinous body deflects attacks. (AC
                  | +3, EV +3) [Jiyva's grace]
 19844 | Orc:1    | Gained mutation: You have a pair of small horns on your
                  | head. [Jiyva's grace]
 19857 | Orc:1    | Found a transporter.
 19887 | Orc:1    | Noticed Heuxzeam's ghost (journeyman MiGl)
 20026 | Orc:1    | Found a transporter.
 20281 | Orc:2    | Entered Level 2 of the Orcish Mines
 20419 | Orc:2    | Noticed Erolcha
 20424 | Orc:2    | Killed Erolcha
 20583 | Orc:2    | Reached **** piety under Jiyva
 20740 | Orc:2    | Was placed under penance by Jiyva
 20741 | Orc:2    | Reached XP level 15. HP: 128/128 MP: 0/0
 20741 | Orc:2    | Learned a level 6 spell: Dispersal
 20822 | Orc:2    | Reached skill level 19 in Fighting
 20900 | Orc:2    | Found a staircase to the Elven Halls.
 21174 | Orc:2    | Found Vueveon's Jewellery Boutique.
 21174 | Orc:2    | Found Faoloero's Magic Scroll Shoppe.
 21174 | Orc:2    | Found Jydiamu's Armour Emporium.
 21179 | Orc:2    | Found Vastros's Assorted Antiques.
 21183 | Orc:2    | Bought a transparent robe for 171 gold pieces
 21183 | Orc:2    | Identified the +0 robe of Ciuxiq {Str+7} (You bought it in
                  | a shop on level 2 of the Orcish Mines)
 21194 | Orc:2    | Bought a ring of see invisible for 210 gold pieces
 21199 | Orc:2    | Bought an amulet of the acrobat for 420 gold pieces
 21234 | Orc:2    | Was forgiven by Jiyva
 21586 | Lair:6   | Entered Level 6 of the Lair of Beasts
 21758 | Lair:6   | Found a dark tunnel.
 21764 | Volcano  | Entered a volcano
 22085 | Lair:6   | Lost mutation: You have a pair of small horns on your head.
                  | [Jiyva's grace]
 22085 | Lair:6   | Gained mutation: Your movements are slightly less
                  | encumbered by armour. (ER -2) [Jiyva's grace]
 22085 | Lair:6   | Gained mutation: Your movements are less encumbered by
                  | armour. (ER -4) [Jiyva's grace]
 22085 | Lair:6   | Gained mutation: Your movements are significantly less
                  | encumbered by armour. (ER -6) [Jiyva's grace]
 22085 | Lair:6   | Gained mutation: Armour fits poorly on your pseudopods.
                  | [Jiyva's grace]
 22157 | Lair:6   | Reached skill level 20 in Fighting
 22309 | Lair:6   | Was placed under penance by Jiyva
 22482 | Lair:6   | Noticed Zgarb's ghost (journeyman DjEE)
 22484 | Lair:6   | Found a transporter.
 22488 | Lair:6   | Found a transporter.
 22500 | Lair:6   | Was forgiven by Jiyva
 23234 | Lair:6   | Reached XP level 16. HP: 139/139 MP: 0/0
 23775 | D:12     | Noticed Nessos
 23788 | D:12     | Killed Nessos
 23795 | D:12     | Reached skill level 1 in Maces & Flails
 23805 | D:12     | Found a portal to a secret trove of treasure.
 23832 | D:12     | Reached XP level 17. HP: 144/144 MP: 0/0
 23832 | D:12     | Learned a level 6 spell: Starburst
 23865 | D:12     | Reached skill level 5 in Maces & Flails
 23867 | D:12     | Reached XP level 18. HP: 151/151 MP: 0/0
 24221 | D:12     | Found Pez Jug's Book Emporium.
 24339 | D:12     | Noticed Fannar
 24351 | D:12     | Killed Fannar
 24438 | D:12     | Reached ***** piety under Jiyva
 24667 | D:13     | Found a runed translucent door.
 24667 | D:13     | Found a runed translucent door.
 24679 | D:13     | Found a runed translucent door.
 25082 | D:13     | Identified the +2 pair of boots "Xiybats" {rF- Will+ Str+8}
 25105 | D:13     | Noticed Rupert
 25113 | D:13     | Killed Rupert
 25148 | D:13     | Noticed Urug
 25154 | D:13     | Reached skill level 21 in Fighting
 25160 | D:13     | Killed Urug
 25226 | D:13     | Found a gate to the Vaults.
 25644 | D:14     | Found a broken altar of Ashenzari.
 25647 | D:14     | Lost mutation: Your gelatinous body deflects attacks. (AC
                  | +3, EV +3) [Jiyva's grace]
 25647 | D:14     | Gained mutation: Your translucent skin slightly reduces
                  | your foes' accuracy. (Stealth+) [Jiyva's grace]
 25647 | D:14     | Gained mutation: Your translucent skin reduces your foes'
                  | accuracy. (Stealth+) [Jiyva's grace]
 25647 | D:14     | Gained mutation: Your transparent skin significantly
                  | reduces your foes' accuracy. (Stealth+) [Jiyva's grace]
 25647 | D:14     | Gained mutation: You are robust. (+10% HP) [Jiyva's grace]
 25821 | D:14     | Identified the +7 hand axe "Xiyden" {pain, rElec Will+ MP+9
                  | Int+4}
 26678 | D:15     | Entered Level 15 of the Dungeon
 26678 | D:15     | Noticed Josephine
 26687 | D:14     | Killed Josephine
 26792 | D:15     | Found a staircase to the Depths.
 27123 | D:15     | Reached skill level 10 in Invocations
 27252 | D:15     | Reached ****** piety under Jiyva
 27281 | D:15     | Reached skill level 22 in Fighting
 27331 | D:15     | Found a shadowy altar of Dithmenos.
 27436 | D:15     | Lost mutation: Your pliable body absorbs attacks. (AC +2,
                  | EV +2) [Jiyva's grace]
 27436 | D:15     | Gained mutation: You are somewhat resistant to further
                  | mutation. [Jiyva's grace]
 27436 | D:15     | Gained mutation: You are somewhat resistant to both further
                  | mutation and mutation removal. [Jiyva's grace]
 27436 | D:15     | Gained mutation: You are almost entirely resistant to
                  | further mutation and mutation removal. [Jiyva's grace]
 27436 | D:15     | Gained mutation: You are partially covered in iridescent
                  | scales. (AC +2) [Jiyva's grace]
 27842 | Swamp:1  | Entered Level 1 of the Swamp
 27904 | Swamp:1  | Reached skill level 1 in Axes
 27943 | Swamp:1  | Identified the +1 leather armour of the Saviour {Will+++
                  | MP+9 Int-5}
 27961 | Swamp:1  | Reached XP level 19. HP: 177/177 MP: 0/0
 27961 | Swamp:1  | Learned a level 7 spell: Dragon Form
 28507 | Swamp:2  | Noticed a tentacled monstrosity
 28510 | Swamp:2  | Found a runed translucent gate.
 28510 | Swamp:2  | Noticed Liloh's ghost (adept HuMo)
 28511 | Swamp:2  | Found a runed translucent gate.
 28511 | Swamp:2  | Found a runed translucent gate.
 29002 | Slime:1  | Entered Level 1 of the Pits of Slime
 29216 | Slime:5  | Entered Level 5 of the Pits of Slime
 29231 | Slime:5  | Found a viscous altar of Jiyva.
 29231 | Slime:5  | Noticed the Royal Jelly
 29243 | Slime:5  | Identified the ring of the Empty Page {rElec rF+ rC++ Int+4
                  | Stlth-}
 29245 | Slime:5  | Identified the ring of the Weak Eggfruit {Ice rPois rN+
                  | Dex-5 Slay+3}
 29247 | Slime:5  | Identified the +9 great sword of Qeaneett {drain, +Blink
                  | MP+9 Str+4 Stlth-}
 29258 | Slime:5  | Identified the -4 helmet of Ilimoloi {rF+ Will+ rCorr}
 29269 | Slime:5  | Got a slimy rune of Zot
 29278 | Slime:5  | Identified the +12 war axe "Dragon's Tongue" {spect, Dex+5}
 29279 | Slime:5  | Identified the +7 plate armour "Raveowk" {Str+6 Dex+4
                  | Stlth-}
 29884 | D:7      | Killed Aelig's ghost
 30454 | Lair:2   | Identified the +7 spear "Odiopheb" {freeze, Dex+2}
 30545 | Lair:3   | Killed Pukecob's ghost
 30681 | Lair:6   | Killed Zgarb's ghost
 30913 | Orc:1    | Killed Heuxzeam's ghost
 31232 | Swamp:3  | Reached skill level 23 in Fighting
 31343 | Swamp:3  | Noticed Mara
 31348 | Swamp:3  | Noticed Aelig's illusion
 31355 | Swamp:3  | Killed Mara
 31679 | Swamp:4  | Entered Level 4 of the Swamp
 31698 | Swamp:4  | Noticed Louise
 31728 | Swamp:4  | Killed Louise
 31744 | Swamp:4  | Noticed Aizul
 31753 | Swamp:4  | Killed Aizul
 32059 | Swamp:4  | Reached skill level 24 in Fighting
 32188 | Swamp:4  | Got a decaying rune of Zot
 32548 | Snake:1  | Entered Level 1 of the Snake Pit
 32556 | Snake:1  | Lost mutation: Your rubbery body absorbs attacks. (AC +1,
                  | EV +1) [Jiyva's grace]
 32556 | Snake:1  | Lost mutation: Your movements are significantly less
                  | encumbered by armour. (ER -6) [Jiyva's grace]
 32556 | Snake:1  | Lost mutation: Your movements are less encumbered by
                  | armour. (ER -4) [Jiyva's grace]
 32556 | Snake:1  | Gained mutation: Armour fits poorly on your large
                  | pseudopods. [Jiyva's grace]
 32556 | Snake:1  | Gained mutation: Armour fits poorly on your massive
                  | pseudopods. [Jiyva's grace]
 32556 | Snake:1  | Gained mutation: You are partially covered in large bone
                  | plates. (SH +4) [Jiyva's grace]
 32556 | Snake:1  | Gained mutation: You are mostly covered in large bone
                  | plates. (SH +6) [Jiyva's grace]
 32564 | Snake:1  | Reached XP level 20. HP: 170/191 MP: 0/0
 32873 | Snake:1  | Found a runed translucent door.
 33202 | Snake:1  | Found Vunetone's Book Emporium.
 33202 | Snake:1  | Found Edu Remamo's Jewellery Boutique.
 33203 | Snake:1  | Found Akejeaf's Book Emporium.
 33214 | Snake:1  | Bought an amulet of regeneration for 510 gold pieces
 33248 | Snake:1  | Bought the ring of the Mage {Wiz Archmagi} for 867 gold
                  | pieces
 33248 | Snake:1  | Found the ring of the Mage {Wiz Archmagi}
 34287 | Snake:2  | Reached skill level 25 in Fighting
 34291 | Snake:2  | Reached skill level 5 in Dodging
 34389 | Snake:2  | Identified the +1 chain mail of Limited Liability {rCorr}
 34780 | Snake:3  | Found a flickering gateway to a bazaar.
 34790 | Bazaar   | Entered a bazaar
 34793 | Bazaar   | Found Ittuked's Armour Shop.
 34798 | Bazaar   | Found Wanlooti's Distillery.
 34804 | Bazaar   | Found Geoshige's Weapon Boutique.
 34811 | Bazaar   | Found Zaamis's Book Boutique.
 34827 | Bazaar   | Found Eghew's Antique Weapon Shop.
 34863 | Bazaar   | Bought a potion of curing for 54 gold pieces
 34863 | Bazaar   | Bought a potion of heal wounds for 90 gold pieces
 34863 | Bazaar   | Bought a potion of brilliance for 72 gold pieces
 35026 | Snake:3  | Lost mutation: You are robust. (+10% HP) [Jiyva's grace]
 35026 | Snake:3  | Lost mutation: Armour fits poorly on your massive
                  | pseudopods. [Jiyva's grace]
 35026 | Snake:3  | Lost mutation: Your transparent skin significantly reduces
                  | your foes' accuracy. (Stealth+) [Jiyva's grace]
 35026 | Snake:3  | Gained mutation: You have a small jelly attached to you
                  | that senses nearby items. [Jiyva's grace]
 35026 | Snake:3  | Gained mutation: Your mind is acute. (Int +2) [Jiyva's
                  | grace]
 35026 | Snake:3  | Gained mutation: Your mind is very acute. (Int +4) [Jiyva's
                  | grace]
 35026 | Snake:3  | Gained mutation: You have acidic saliva. [Jiyva's grace]
 35543 | Snake:4  | Entered Level 4 of the Snake Pit
 35848 | Snake:4  | Reached XP level 21. HP: 129/182 MP: 0/0
 35848 | Snake:4  | Learned a level 7 spell: Summon Hydra
 36303 | Snake:4  | Got a serpentine rune of Zot
 36590 | Vaults:1 | Entered Level 1 of the Vaults
 36912 | Vaults:1 | Lost mutation: You are partially covered in iridescent
                  | scales. (AC +2) [Jiyva's grace]
 36912 | Vaults:1 | Lost mutation: You are mostly covered in large bone plates.
                  | (SH +6) [Jiyva's grace]
 36912 | Vaults:1 | Lost mutation: You have a small jelly attached to you that
                  | senses nearby items. [Jiyva's grace]
 36912 | Vaults:1 | Gained mutation: You have a small jelly attached to you
                  | that senses nearby items. [Jiyva's grace]
 36912 | Vaults:1 | Gained mutation: Your spells are a little harder to cast,
                  | but a little more powerful. [Jiyva's grace]
 36912 | Vaults:1 | Gained mutation: Your spells are harder to cast, but more
                  | powerful. [Jiyva's grace]
 36912 | Vaults:1 | Gained mutation: Your spells are much harder to cast, but
                  | much more powerful. [Jiyva's grace]
 37227 | Vaults:1 | Found Ahouz's Antique Armour Shoppe.
 37542 | Vaults:1 | You are sucked into a shaft and drop 1 floor!
 37584 | Vaults:2 | Identified the +4 mace of the Intense God {vorpal, Dex+4}
 37626 | Vaults:2 | Reached skill level 26 in Fighting
 37711 | Vaults:2 | Reached XP level 22. HP: 191/191 MP: 0/0
 38102 | Vaults:2 | Reached skill level 15 in Spellcasting
 38166 | Vaults:2 | Was placed under penance by Jiyva
 38414 | Vaults:2 | Found Topenach's Magic Scroll Shop.
 38418 | Vaults:2 | Was forgiven by Jiyva
 38422 | Vaults:2 | Bought a scroll of acquirement for 780 gold pieces
 38484 | Vaults:2 | Acquired 655 gold pieces
 38880 | Vaults:3 | Lost mutation: Your mind is very acute. (Int +4) [Jiyva's
                  | grace]
 38880 | Vaults:3 | Lost mutation: Your mind is acute. (Int +2) [Jiyva's grace]
 38880 | Vaults:3 | Lost mutation: Your spells are much harder to cast, but
                  | much more powerful. [Jiyva's grace]
 38880 | Vaults:3 | Lost mutation: Your spells are harder to cast, but more
                  | powerful. [Jiyva's grace]
 38880 | Vaults:3 | Lost mutation: You have acidic saliva. [Jiyva's grace]
 38880 | Vaults:3 | Lost mutation: Armour fits poorly on your large pseudopods.
                  | [Jiyva's grace]
 38880 | Vaults:3 | Gained mutation: You are covered in fur. (AC +1) [Jiyva's
                  | grace]
 38880 | Vaults:3 | Gained mutation: You are covered in thick fur. (AC +2)
                  | [Jiyva's grace]
 38880 | Vaults:3 | Gained mutation: Your thick and shaggy fur keeps you warm.
                  | (AC +3, rC+) [Jiyva's grace]
 38880 | Vaults:3 | Gained mutation: You are agile. (Dex +2) [Jiyva's grace]
 38948 | Vaults:3 | Reached skill level 10 in Shields
 38954 | Vaults:3 | Noticed Wakhat's ghost (adept MiFi)
 38956 | Vaults:3 | Found a runed translucent gate.
 38957 | Vaults:3 | Noticed Onuingi's ghost (adept DrWn)
 38962 | Vaults:3 | Found a runed translucent gate.
 38963 | Vaults:3 | Noticed Aram's ghost (adept MyMo)
 38963 | Vaults:3 | Noticed Ciotsan's ghost (adept FeIE)
 38965 | Vaults:3 | Noticed Plog's ghost (adept MyMo)
 38965 | Vaults:3 | Found a runed translucent gate.
 39798 | Vaults:3 | Found a staircase to the Crypt.
 40253 | Vaults:4 | Noticed Jory
 40261 | Vaults:4 | Killed Jory
 40326 | Vaults:4 | Reached XP level 23. HP: 164/199 MP: 0/0
 40326 | Vaults:4 | Learned a level 8 spell: Summon Horrible Things
 40776 | Vaults:4 | Reached skill level 27 in Fighting
 41470 | Vaults:4 | Lost mutation: You are partially covered in large bone
                  | plates. (SH +4) [Jiyva's grace]
 41470 | Vaults:4 | Lost mutation: You are almost entirely resistant to further
                  | mutation and mutation removal. [Jiyva's grace]
 41470 | Vaults:4 | Lost mutation: You are somewhat resistant to both further
                  | mutation and mutation removal. [Jiyva's grace]
 41470 | Vaults:4 | Lost mutation: Your spells are a little harder to cast, but
                  | a little more powerful. [Jiyva's grace]
 41470 | Vaults:4 | Lost mutation: You have a small jelly attached to you that
                  | senses nearby items. [Jiyva's grace]
 41470 | Vaults:4 | Lost mutation: Your movements are slightly less encumbered
                  | by armour. (ER -2) [Jiyva's grace]
 41470 | Vaults:4 | Gained mutation: Your muscles are strong. (Str +2) [Jiyva's
                  | grace]
 41470 | Vaults:4 | Gained mutation: Your muscles are very strong. (Str +4)
                  | [Jiyva's grace]
 41470 | Vaults:4 | Gained mutation: You are strong-willed. (Will+) [Jiyva's
                  | grace]
 41470 | Vaults:4 | Gained mutation: You are highly strong-willed. (Will++)
                  | [Jiyva's grace]
 41943 | Depths:1 | Entered Level 1 of the Depths
 41955 | Depths:1 | Noticed a juggernaut
 41961 | Depths:1 | Killed a juggernaut
 42021 | Depths:1 | Found a gateway to Hell.
 42070 | Depths:1 | Acquired a staff of conjuration
 42225 | Depths:1 | Identified the +4 quarterstaff of Conscience {vorpal,
                  | Str+4}
 42379 | Depths:1 | Noticed a golden dragon
 42387 | Depths:1 | Killed a golden dragon
 42396 | Depths:1 | Reached XP level 24. HP: 166/208 MP: 0/0
 42406 | Depths:1 | Noticed a caustic shrike
 42415 | Depths:1 | Killed a caustic shrike
 42455 | Depths:1 | Identified the +6 shortbow "Djinni's Curse" {freeze, rCorr}
 42894 | Depths:2 | Identified the +1 robe "Irabb" {rC+ Str+4 Stlth-}
 42951 | Depths:2 | Found a one-way gate leading to the halls of Pandemonium.
 43131 | Depths:2 | Lost mutation: Your thick and shaggy fur keeps you warm.
                  | (AC +3, rC+) [Jiyva's grace]
 43131 | Depths:2 | Lost mutation: Your muscles are very strong. (Str +4)
                  | [Jiyva's grace]
 43131 | Depths:2 | Lost mutation: Armour fits poorly on your pseudopods.
                  | [Jiyva's grace]
 43131 | Depths:2 | Gained mutation: You have a small jelly attached to you
                  | that senses nearby items. [Jiyva's grace]
 43131 | Depths:2 | Gained mutation: Your melee attacks may engulf your foes in
                  | ooze. [Jiyva's grace]
 43131 | Depths:2 | Gained mutation: Your body has grown eyes which may confuse
                  | attackers. (Acc +3) [Jiyva's grace]
 43131 | Depths:2 | Gained mutation: Your body has grown many eyes which may
                  | confuse attackers. (Acc +5) [Jiyva's grace]
 43265 | Depths:2 | Noticed a golden dragon
 43273 | Depths:2 | Killed a golden dragon
 43648 | Depths:3 | Found a one-way gateway to a ziggurat.
 43945 | Depths:3 | Found a one-way gate to the infinite horrors of the Abyss.
 44110 | Depths:3 | Identified the +5 great sword of the Present {speed, Dex+4}
 44370 | Depths:3 | Noticed a golden dragon
 44395 | Depths:3 | Killed a golden dragon
 44396 | Depths:3 | Reached skill level 1 in Armour
 44523 | Depths:4 | Entered Level 4 of the Depths
 44527 | Depths:4 | Reached skill level 10 in Dodging
 44718 | Depths:4 | Reached XP level 25. HP: 175/214 MP: 0/0
 44718 | Depths:4 | Learned a level 8 spell: Infestation
 44851 | Depths:4 | Identified the +1 war axe "Adeicokh" {antimagic, Dex+2
                  | Stlth+}
 44905 | Depths:4 | Reached skill level 5 in Armour
 44932 | Depths:4 | Noticed a dread lich
 45125 | Depths:4 | Killed a dread lich
 45355 | Depths:4 | Noticed a juggernaut
 45369 | Depths:4 | Killed a juggernaut
 45554 | Depths:4 | Found a gate to the Realm of Zot.
 45661 | Depths:4 | Lost mutation: You are agile. (Dex +2) [Jiyva's grace]
 45661 | Depths:4 | Lost mutation: You are highly strong-willed. (Will++)
                  | [Jiyva's grace]
 45661 | Depths:4 | Lost mutation: You are somewhat resistant to further
                  | mutation. [Jiyva's grace]
 45661 | Depths:4 | Lost mutation: Your body has grown many eyes which may
                  | confuse attackers. (Acc +5) [Jiyva's grace]
 45661 | Depths:4 | Gained mutation: Your body has grown many eyes which may
                  | confuse attackers. (Acc +5) [Jiyva's grace]
 45661 | Depths:4 | Gained mutation: Your body is covered in eyes which may
                  | confuse attackers. (Acc +7, SInv) [Jiyva's grace]
 45661 | Depths:4 | Gained mutation: Your mind is acute. (Int +2) [Jiyva's
                  | grace]
 45661 | Depths:4 | Gained mutation: Your mind is very acute. (Int +4) [Jiyva's
                  | grace]
 46258 | Elf:1    | Entered Level 1 of the Elven Halls
 46318 | Elf:1    | Found Hukoogen's Weapon Shoppe.
 46582 | Elf:1    | Noticed Nikola
 46610 | Elf:1    | Killed Nikola
 46838 | Elf:1    | Reached skill level 15 in Dodging
 47347 | Elf:2    | Found a large runed translucent door.
 47347 | Elf:2    | Noticed Siwul's ghost (veteran DjCj)
 47348 | Elf:2    | Found a large runed translucent door.
 47589 | Elf:2    | Reached XP level 26. HP: 154/221 MP: 0/0
 47710 | Elf:3    | Entered Level 3 of the Elven Halls
 47757 | Elf:3    | Found Uptur's Armour Shoppe.
 47892 | Elf:3    | Paralysed by an air elemental for 1 turns
 48120 | Elf:3    | Identified the +0 ring mail "Obulad" {SInv}
 48191 | Elf:3    | Lost mutation: You are covered in thick fur. (AC +2)
                  | [Jiyva's grace]
 48191 | Elf:3    | Lost mutation: Your body is covered in eyes which may
                  | confuse attackers. (Acc +7, SInv) [Jiyva's grace]
 48191 | Elf:3    | Lost mutation: Your translucent skin reduces your foes'
                  | accuracy. (Stealth+) [Jiyva's grace]
 48191 | Elf:3    | Lost mutation: Your melee attacks may engulf your foes in
                  | ooze. [Jiyva's grace]
 48191 | Elf:3    | Gained mutation: You have a small jelly attached to you
                  | that may absorb projectiles. [Jiyva's grace]
 48191 | Elf:3    | Gained mutation: Your melee attacks may engulf your foes in
                  | ooze. [Jiyva's grace]
 48191 | Elf:3    | Gained mutation: You passively map a small area around you.
                  | [Jiyva's grace]
 48191 | Elf:3    | Gained mutation: You passively map the area around you.
                  | [Jiyva's grace]
 48303 | Elf:3    | Identified the +3 leather armour of Unambiguity {-Tele
                  | rN+++ Dex+4}
 48305 | Elf:3    | Reached skill level 5 in Axes
 48347 | Elf:3    | Identified the +1 leather armour of Cebluh {rN+}
 48433 | Elf:3    | Found the +15 Maxwell's patent armour {-Cast -Tele rElec
                  | Will+ rCorr}
 48437 | Elf:3    | Identified the +1 chain mail of Sandy Amelioration {rN+}
 48522 | Elf:3    | Identified the +7 long sword of Indomitability {vamp, *Slow
                  | rC+ rCorr}
 49141 | Zot:1    | Entered Level 1 of the Realm of Zot
 49160 | Zot:1    | Identified the +1 pair of gloves of Gyril {rElec rF+ Int-3}
 49602 | Zot:1    | Found a runed translucent gate.
 49603 | Zot:1    | Found a runed translucent gate.
 49604 | Zot:1    | Found a runed translucent gate.
 49613 | Zot:1    | Noticed Gozarek's ghost (veteran OpFi)
 49613 | Zot:1    | Noticed Gozarek's ghost (veteran OpFi)
 49613 | Zot:1    | Noticed a dread lich
 49613 | Zot:1    | Noticed a dread lich
 49614 | Zot:1    | Noticed a dread lich
 49928 | Zot:2    | Noticed a curse toe
 49929 | Zot:2    | Noticed a Killer Klown
 49934 | Zot:2    | Killed a Killer Klown
 49934 | Zot:2    | Killed a curse toe
 50128 | Zot:2    | Identified the +4 robe of Ahampobb {rCorr Dex+2}
 50546 | Zot:2    | Acquired the +2 pair of gloves of the Elven Halls {Str+5
                  | Int+2}
 50863 | Zot:3    | Noticed an orb of fire
 50870 | Zot:3    | Gained mutation: You tend to lose your temper in combat.
                  | [an orb of fire]
 51001 | Zot:3    | Lost mutation: You tend to lose your temper in combat.
                  | [Jiyva's grace]
 51001 | Zot:3    | Lost mutation: Your melee attacks may engulf your foes in
                  | ooze. [Jiyva's grace]
 51001 | Zot:3    | Gained mutation: Your spells are a little harder to cast,
                  | but a little more powerful. [Jiyva's grace]
 51001 | Zot:3    | Gained mutation: Your spells are harder to cast, but more
                  | powerful. [Jiyva's grace]
 51001 | Zot:3    | Gained mutation: Your spells are much harder to cast, but
                  | much more powerful. [Jiyva's grace]
 51001 | Zot:3    | Gained mutation: Your rubbery body absorbs attacks. (AC +1,
                  | EV +1) [Jiyva's grace]
 51114 | Zot:3    | Noticed a curse toe
 51151 | Zot:2    | Gained mutation: You tend to lose your temper in combat.
                  | [an orb of fire]
 51307 | Zot:3    | Reached XP level 27. HP: 228/228 MP: 0/0
 51307 | Zot:3    | Learned a level 9 spell: Shatter
 51637 | Zot:3    | Found the +5 demon whip "Spellbinder" {antimagic, Will+}
 52063 | Zot:4    | Lost mutation: Your rubbery body absorbs attacks. (AC +1,
                  | EV +1) [potion of mutation]
 52063 | Zot:4    | Lost mutation: You have a small jelly attached to you that
                  | senses nearby items. [potion of mutation]
 52063 | Zot:4    | Lost mutation: Your spells are much harder to cast, but
                  | much more powerful. [potion of mutation]
 52064 | Zot:4    | Lost mutation: You are strong-willed. (Will+) [potion of
                  | mutation]
 52064 | Zot:4    | Lost mutation: You have a small jelly attached to you that
                  | may absorb projectiles. [potion of mutation]
 52064 | Zot:4    | Gained mutation: Your spells are much harder to cast, but
                  | much more powerful. [potion of mutation]
 52065 | Zot:4    | Lost mutation: You are covered in fur. (AC +1) [potion of
                  | mutation]
 52065 | Zot:4    | Lost mutation: Your spells are much harder to cast, but
                  | much more powerful. [potion of mutation]
 52065 | Zot:4    | Lost mutation: Your muscles are strong. (Str +2) [potion of
                  | mutation]
 52065 | Zot:4    | Gained mutation: You are partially covered in iridescent
                  | scales. (AC +2) [potion of mutation]
 52066 | Zot:4    | Lost mutation: Your spells are harder to cast, but more
                  | powerful. [potion of mutation]
 52066 | Zot:4    | Lost mutation: Your translucent skin slightly reduces your
                  | foes' accuracy. (Stealth+) [potion of mutation]
 52066 | Zot:4    | Lost mutation: Your spells are a little harder to cast, but
                  | a little more powerful. [potion of mutation]
 52066 | Zot:4    | Gained mutation: You are mostly covered in iridescent
                  | scales. (AC +4) [potion of mutation]
 52066 | Zot:4    | Lost mutation: You tend to lose your temper in combat.
                  | [potion of mutation]
 52739 | Zot:5    | Entered Level 5 of the Realm of Zot
 52820 | Zot:5    | Gained mutation: You are agile. (Dex +2) [Jiyva's grace]
 52820 | Zot:5    | Gained mutation: You are very agile. (Dex +4) [Jiyva's
                  | grace]
 52820 | Zot:5    | Gained mutation: You have a pair of small horns on your
                  | head. [Jiyva's grace]
 52820 | Zot:5    | Gained mutation: You have a pair of horns on your head.
                  | [Jiyva's grace]
 53056 | Zot:5    | Noticed a Killer Klown
 53060 | Zot:5    | Noticed an orb of fire
 53060 | Zot:5    | Gained mutation: You tend to lose your temper in combat.
                  | [an orb of fire]
 53061 | Zot:5    | Noticed an orb of fire
 53061 | Zot:5    | Noticed a Killer Klown
 53068 | Zot:5    | Noticed a Killer Klown
 53151 | Zot:4    | Lost mutation: You are very agile. (Dex +4) [potion of
                  | mutation]
 53151 | Zot:4    | Lost mutation: You are mostly covered in iridescent scales.
                  | (AC +4) [potion of mutation]
 53151 | Zot:4    | Gained mutation: You are occasionally teleported next to
                  | monsters. [potion of mutation]
 53151 | Zot:4    | Gained mutation: You are strong-willed. (Will+) [potion of
                  | mutation]
 53152 | Zot:4    | Lost mutation: Your body has grown many eyes which may
                  | confuse attackers. (Acc +5) [potion of mutation]
 53152 | Zot:4    | Lost mutation: Your mind is very acute. (Int +4) [potion of
                  | mutation]
 53152 | Zot:4    | Gained mutation: Your flesh is almost immune to the effects
                  | of heat. (rF+++) [potion of mutation]
 53152 | Zot:4    | Gained mutation: You are frail. (-10% HP) [potion of
                  | mutation]
 53153 | Zot:4    | Lost mutation: You are strong-willed. (Will+) [potion of
                  | mutation]
 53153 | Zot:4    | Lost mutation: You tend to lose your temper in combat.
                  | [potion of mutation]
 53153 | Zot:4    | Lost mutation: Your body has grown eyes which may confuse
                  | attackers. (Acc +3) [potion of mutation]
 53153 | Zot:4    | Lost mutation: Your mind is acute. (Int +2) [potion of
                  | mutation]
 53153 | Zot:4    | Gained mutation: You are resistant to electric shocks.
                  | (rElec) [potion of mutation]
 53154 | Zot:4    | Lost mutation: You are agile. (Dex +2) [potion of mutation]
 53154 | Zot:4    | Lost mutation: You passively map the area around you.
                  | [potion of mutation]
 53154 | Zot:4    | Lost mutation: You are frail. (-10% HP) [potion of
                  | mutation]
 53154 | Zot:4    | Lost mutation: You passively map a small area around you.
                  | [potion of mutation]
 53154 | Zot:4    | Gained mutation: You are mostly covered in iridescent
                  | scales. (AC +4) [potion of mutation]
 53209 | Zot:5    | Noticed a Killer Klown
 53215 | Zot:5    | Killed a Killer Klown
 53291 | Zot:5    | Noticed a Killer Klown
 53330 | Zot:5    | Killed a Killer Klown
 53344 | Zot:5    | Killed a Killer Klown
 53401 | Zot:5    | Gained mutation: You tend to lose your temper in combat.
                  | [an orb of fire]
 53420 | Zot:5    | Noticed an ancient lich
 53435 | Zot:5    | Lost mutation: Your flesh is almost immune to the effects
                  | of heat. (rF+++) [potion of mutation]
 53435 | Zot:5    | Lost mutation: You are occasionally teleported next to
                  | monsters. [potion of mutation]
 53435 | Zot:5    | Lost mutation: You have a pair of horns on your head.
                  | [potion of mutation]
 53435 | Zot:5    | Gained mutation: Your muscles are strong. (Str +2) [potion
                  | of mutation]
 53435 | Zot:5    | Gained mutation: Your mind is acute. (Int +2) [potion of
                  | mutation]
 53539 | Zot:5    | Killed a Killer Klown
 53585 | Zot:5    | Noticed a Killer Klown
 53592 | Zot:5    | Killed a Killer Klown
 53597 | Zot:5    | Noticed an ancient lich
 53723 | Zot:5    | Noticed a Killer Klown
 53730 | Zot:5    | Killed a Killer Klown
 53922 | Zot:5    | Got the Orb of Zot
 53923 | Zot:5    | Noticed a Killer Klown
 54107 | Zot:3    | Noticed Nibeoqys the pandemonium lord
 54450 | D:9      | Noticed Rimot the pandemonium lord
 54595 | D:$      | Escaped with the Orb!

Illustrated notes

Levels and vault maps discovered:
D:1:      dpeg_arrival_rooms_with_view, layout_loops_ring,
          dreamdust_ecumenical_altar_grove
D:2:      layout_loops_ring
D:3:      layout_rooms, nicolae_vehumet_altar_sigil, ebering_ghost_rock_garden
D:4:      layout_rooms, grunt_temple_overflow_champion_of_chaos,
          grunt_temple_overflow_open, enter_ossuary_3,
          hangedman_decor_diamond_cutter
D:5:      layout_loops_corners, cheibrodos_sewer_entry_drain
D:6:      layout_loops_corners, mainiacjoe_overflow_cross_hatched,
          minmay_temple_entry_mist, minmay_hollow_rounded_squares, uniq_grinder
D:7:      layout_rooms, old_standard_altar, ebering_ghost_disaster_area,
          kennysheep_crisscross, uniq_prince_ribbit1
D:8:      layout_cave_pools, grunt_temple_overflow_gold_and_silver,
          solitary_fountain
D:9:      minmay_evil_eye, layout_stronghold, dk_yredelemnul_ordeal, uniq_grum
D:10:     layout_roguey, trog_three_pillars_becter, lemuel_crystal_altar,
          lair_entry_dummy, enter_bailey_6, special_room [special_room_orc]
D:11:     layout_basic, kennysheep_orc_monster_closet_entryway,
          gauntlet_entry_generic
D:12:     layout_loops_corners, enter_trove_2, serial_shops, shop, worms_lemuel,
          uniq_fannar, uniq_nessos
D:13:     layout_basic, david_vaults_3, mikee_hates_you
D:14:     layout_stronghold, ashenzari_conservatory_becter,
          nicolae_concentric_dashed_squares_wild
D:15:     grunt_enter_depths_magical_seal, layout_basic,
          grunt_dithmenos_shadows, uniq_josephine
Temple:   compressed_dpeg_triangle_lava_temple
Lair:1:   layout_chaotic_city, portal_ice_cave_demonic_guard,
          infiniplex_staircase_pool_2
Lair:2:   gammafunk_cloud_chamber, layout_cave_pods,
          minmay_snake_entry_six_corridors
Lair:3:   layout_hall_layers, hellmonk_ghost_happy_afterlife,
          serial_bayou_pond_c
Lair:4:   layout_roguey, nicolae_swamp_entry_splash_gauntlet, grunt_megastairs_5
Lair:5:   layout_misc_corridors, dpeg_slime_entry_enclosed_altar,
          chequers_serial_rivers_small_a, uniq_rupert
Lair:6:   hangedman_lair_tendril_chambers, layout_regular_city,
          hangedman_lair_caniforms_friends, enter_volcano_3, serial_forest,
          infiniplex_forest_lined_3_way, infiniplex_forest_clump_C,
          infiniplex_forest_straight_3, infiniplex_forest_lined_3,
          infiniplex_forest_lined_2, infiniplex_forest_clump_diagonal,
          infiniplex_forest_corner_1, infiniplex_forest_clump_long,
          gammafunk_ghost_hive
Swamp:1:  layout_basic_swamp, nicolae_swamp_tree_isthmus, swamp_pool2
Swamp:2:  layout_basic_swamp, gammafunk_ghost_split, nicolae_swamp_oxbows,
          infiniplex_staircase_pool
Swamp:3:  layout_basic_swamp, nicolae_swamp_little_swirl, swamp_pool4, uniq_mara
Swamp:4:  swamp_fiery, layout_basic_swamp, uniq_aizul, uniq_louise
Snake:1:  cheibrodos_toxic_ritual, layout_layer_cave, serial_bayou_lagoon_b,
          minmay_shop_grove
Snake:2:  kennysheep_snake, layout_misc_corridors
Snake:3:  layout_cave_town, serial_shops, bzr_entry_dummy,
          nicolae_snake_coiling_death
Snake:4:  snake_pit_salamanders_mu, layout_cave_shapes, serial_bayou_shore_b
Slime:1:  cheibrodos_slime_lost_civilization_1, layout_caves
Slime:2:  layout_caves
Slime:3:  layout_caves, basic_altar
Slime:4:  layout_caves
Slime:5
Orc:1:    layout_caves, gammafunk_ghost_stat_death, basic_altar,
          nicolae_orc_pool_cavern
Orc:2:    st_orc_rangers, layout_diamond_mine, mines2_lemuel, uniq_erolcha
Elf:1:    layout_geoelf_grid, serial_shops, nicolae_shop_bloodbath_and_beyond,
          kennysheep_underground_church, uniq_nikola
Elf:2:    nicolae_elf_blades_splatter_lattice [nicolae_blade_lattice],
          layout_geoelf_octagon, basic_altar, ebering_ghost_disaster_area
Elf:3:    grunt_elf_hall_diamonds, layout_geoelf_grid, serial_shops, shop
Vaults:1: hangedman_vaults_hat, ontoclasm_vaults_tryst,
          nicolae_vaults_ninety_degrees, nicolae_vaults_know_your_exits,
          nicolae_vaults_network_s, grunt_vaults_focal,
          grunt_vaults_hallway_long, hangedman_vaults_slice,
          layout_vaults_big_room, serial_shops, nicolae_shop_trees
Vaults:2: vaults_room_fours, v_pattern_2, v_misc_11,
          nicolae_vaults_little_squares_2, hangedman_vaults_stream,
          vaults_room_pool, nicolae_vaults_yaktaur_gun_rack,
          hangedman_vaults_river_flow, nicolae_vaults_asterisk,
          vaults_room_stairs_pillars, layout_vaults_quadrants, serial_shops,
          shop_scrolls
Vaults:3: gammafunk_ghost_cemetery, v_misc_3, nicolae_vaults_an_arrangement,
          nicolae_vaults_ring_of_whatevers, nicolae_vaults_hallways_thing,
          hangedman_vaults_corner, minmay_crypt_entry_simple_plaza,
          ontoclasm_vaults_ligature, v_rooms_1, nicolae_vaults_little_squares_4,
          vaults_mumra_chevron, vaults_dpeg_ring, hangedman_vaults_trim,
          layout_vaults_ring
Vaults:4: nicolae_vaults_lopsided_apartments, nicolae_vaults_arrows,
          ontoclasm_vaults_ring_small, vaults_room_door_ring,
          hangedman_vaults_variations, nicolae_vaults_circle_grid_a,
          ontoclasm_vaults_decontamination, vaults_mumra_minichess_inversion,
          grunt_vaults_swirl, ontoclasm_vaults_chip, ontoclasm_vaults_fault,
          vaults_room_fours, nicolae_vaults_little_squares_3, v_misc_19,
          layout_vaults_omnicross, uniq_jory
Depths:1: layout_cave_shapes, hell_entry, minmay_hedge_maze, minmay_evil_grid,
          serial_bayou_shore_b, grunt_megastairs_3
Depths:2: four-leaf_vault, layout_gridville, hell_entry, skrybe_limestone_x,
          grunt_pan_entry_sceptre, grunt_megastairs_4,
          infiniplex_staircase_split_hallway
Depths:3: hangedman_crystal_crosses_colossus [crystal_crosses_arms_four,
          crystal_crosses_arms_four, crystal_crosses_arms_two,
          crystal_crosses_arms_one], abyss_entry, hell_entry
Depths:4: grunt_zot_entry_bicorn, layout_cave_pools, grunt_mini_vestibule,
          special_room [special_room_morgue], serial_sigils,
          serial_sigils_hangedman_clutch, serial_sigils_hangedman_confine,
          serial_sigils_hangedman_scratch, serial_sigils_hangedman_carve
Zot:1:    layout_gridlike, gammafunk_ghost_crypt
Zot:2:    layout_twisted_circle
Zot:3:    kennysheep_oblong_rooms, layout_onion
Zot:4:    layout_cathedral_of_symmetry
Zot:5:    layout_gridlike

Skill      XL: |  1  2  3  4  5  6  7  8  9 10 11 12 13 14 15 16 17 18 19 20 21 22 23 24 25 26 27 |
---------------+----------------------------------------------------------------------------------+-----
Spellcasting   | 3 4 5 7 10 12 13 14 16 18 20 21 | 21.7
Fighting       | 1 2 3 4 5 8 11 13 17 18 20 22 24 25 26 27 | 27.0
Invocations    | 4 6 7 10 | 10.2
Shields        | 5 7 9 10 | 10.0
Maces & Flails | 4 7 |  7.1
Axes           | 1 3 4 8 |  8.1
Dodging        | 7 9 10 16 18 20 | 20.0
Armour         | 3 6 |  6.0
Stealth        | |  1.5

Action                   |  1- 3 |  4- 6 |  7- 9 | 10-12 | 13-15 | 16-18 | 19-21 | 22-24 | 25-27 || total
-------------------------+-------+-------+-------+-------+-------+-------+-------+-------+-------++-------
Melee: Unarmed           |     2 |       |       |       |       |       |       |       |       ||     2
       Rapier            |       |     6 |    30 |     1 |       |       |       |       |       ||    37
       Morningstar       |       |       |       |     5 |    23 |     5 |       |       |       ||    33
       Headbutt          |       |       |       |       |     2 |       |       |       |     9 ||    11
       Pseudopods        |       |       |       |       |     1 |     1 |     5 |    10 |       ||    17
       Hand axe          |       |       |       |       |       |     1 |    28 |    37 |    88 ||   154
       Bite              |       |       |       |       |       |       |     3 |     1 |       ||     4
Throw: Stone             |     1 |       |       |       |       |       |       |       |       ||     1
 Cast: Foxfire           |    47 |    49 |   146 |   248 |   279 |   112 |    34 |    27 |     2 ||   944
       Scorch            |     1 |     1 |    40 |    84 |   289 |   168 |   459 |    72 |    28 ||  1142
       Conjure Flame     |       |       |     3 |     1 |     1 |       |       |       |       ||     5
       Flame Wave        |       |       |     1 |     5 |    16 |     7 |    12 |     1 |     1 ||    43
       Sting             |       |       |     2 |       |     4 |       |     5 |       |       ||    11
       Summon Lightning  |       |       |     5 |    54 |   105 |    43 |    77 |    91 |    65 ||   440
       Inner Flame       |       |       |     2 |    33 |    56 |    21 |    17 |    55 |       ||   184
       Lightning Bolt    |       |       |       |    11 |    48 |    42 |   176 |   349 |   310 ||   936
       Summon Mana Viper |       |       |       |       |    25 |    12 |    10 |     9 |    12 ||    68
       Static Discharge  |       |       |       |       |     1 |       |       |       |       ||     1
       Dispersal         |       |       |       |       |    12 |     5 |     5 |    14 |    29 ||    65
       Starburst         |       |       |       |       |       |    12 |    81 |    68 |   205 ||   366
       Summon Hydra      |       |       |       |       |       |       |    11 |    77 |   108 ||   196
       Infestation       |       |       |       |       |       |       |       |       |    18 ||    18
       Summon Horrible T |       |       |       |       |       |       |       |       |    12 ||    12
       Shatter           |       |       |       |       |       |       |       |       |     2 ||     2
Invok: Heal Other        |       |       |       |     2 |       |       |       |       |       ||     2
       Oozemancy         |       |       |       |       |       |       |       |       |     1 ||     1
  Use: Scroll            |       |     5 |     4 |    18 |    15 |     2 |     5 |     3 |    14 ||    66
       Potion            |       |       |     1 |       |       |     2 |       |       |    12 ||    15
 Stab: Sleeping          |       |       |     1 |       |       |       |       |       |       ||     1
       Distracted        |       |       |       |       |       |       |       |     1 |     1 ||     2
       Confused          |       |       |       |       |       |       |       |     1 |     1 ||     2
Armor: Robe              |     1 |     3 |    20 |     2 |       |       |       |       |       ||    26
       Troll leather arm |       |       |       |    24 |    97 |    31 |   142 |    62 |   138 ||   494
Dodge: Dodged            |     8 |    15 |    64 |    70 |   183 |   147 |   329 |   185 |   368 ||  1369
Block: Buckler           |       |       |       |    17 |    88 |    32 |   220 |    95 |   112 ||   564

Table legend: (Time is in decaauts)
 A = Elapsed time spent in this place.
 B = Non-inter-level travel time spent in this place.
 C = Inter-level travel time spent in this place.
 D = Time resting spent in this place.
 E = Time spent auto-exploring this place.
 F = Levels seen in this place.
 G = Mean time per level.
                   A        B        C        D        E       F      G
               +--------+--------+--------+--------+--------+-----+--------+
         Total |  54759 |  49137 |   5622 |   4044 |  25696 |  60 |  912.7 |
       Dungeon |  18412 |  16200 |   2212 |   2401 |   9450 |  15 | 1227.5 |
        Temple |    274 |    250 |     24 |      0 |    232 |   1 |  274.0 |
          Lair |   7857 |   6574 |   1283 |    420 |   3791 |   6 | 1309.5 |
         Swamp |   2449 |   2246 |    203 |     85 |   1020 |   4 |  612.2 |
     Snake Pit |   3853 |   3632 |    221 |     78 |   2114 |   4 |  963.2 |
    Slime Pits |    409 |    316 |     93 |      0 |    208 |   5 |   81.8 |
  Orcish Mines |   2028 |   1793 |    235 |     83 |    683 |   2 | 1014.0 |
   Elven Halls |   2608 |   2370 |    238 |     64 |    998 |   3 |  869.3 |
        Vaults |   5247 |   4959 |    288 |     46 |   3072 |   4 | 1311.8 |
        Depths |   4447 |   3928 |    519 |    304 |   1512 |   4 | 1111.8 |
           Zot |   5034 |   4730 |    304 |    303 |   2152 |   5 | 1006.8 |
        Bazaar |     96 |     96 |      0 |      0 |      0 |   1 |   96.0 |
         Sewer |    477 |    477 |      0 |      0 |    241 |   1 |  477.0 |
       Ossuary |    438 |    438 |      0 |    127 |     68 |   1 |  438.0 |
        Bailey |    441 |    441 |      0 |      0 |    107 |   1 |  441.0 |
      Ice Cave |    480 |    480 |      0 |    133 |     48 |   1 |  480.0 |
       Volcano |    187 |    187 |      0 |      0 |      0 |   1 |  187.0 |
      Gauntlet |     12 |     12 |      0 |      0 |      0 |   1 |   12.0 |
               +--------+--------+--------+--------+--------+-----+--------+

Top non-repeatable levels by time:
     D:6: 1942 daAuts
  Lair:6: 1853 daAuts
  Lair:2: 1623 daAuts
Vaults:4: 1574 daAuts
     D:8: 1499 daAuts
     D:3: 1451 daAuts
    D:11: 1436 daAuts
 Snake:1: 1417 daAuts
Vaults:3: 1373 daAuts
     D:9: 1370 daAuts
Vaults:2: 1364 daAuts
Depths:4: 1341 daAuts
Depths:3: 1318 daAuts
    D:13: 1271 daAuts
   Zot:4: 1242 daAuts
